 Dungeon Crawl Stone Soup version 0.29-a0-823-gc37b1572da (webtiles) character file.

Game seed: 10788546544261176880

1013 jfcaron the Fighter (level 8, -1/83 HPs)
             Began as a Hill Orc Chaos Knight on July 8, 2022.
             Was a Plaything of Xom.
             Splashed by a jelly's acid (8 damage)
             ... on level 5 of the Dungeon.
             The game lasted 00:06:25 (3211 turns).

jfcaron the Fighter (Hill Orc Chaos Knight)         Turns: 3211, Time: 00:06:25

Health: -1/83      AC: -4    Str: 17    XL:     8   Next: 21%
Magic:  7/7        EV: 12    Int: 12    God:    Xom [....*.]
Gold:   118        SH:  0    Dex: 10    Spells: 7/7 levels left

rFire   . . .      SeeInvis .   a - +0 hand axe (chaos)
rCold   . . .      Faith    .   (no shield)
rNeg    . . .      Spirit   .   b - +2 leather armour
rPois   .          Reflect  .   (no helmet)
rElec   .          Harm     .   m - +1 cloak
rCorr   .          Rampage  .   (no gloves)
Will    +....                   (no boots)
Stlth   +.........              (no amulet)
HPRegen 0.23/turn               p - ring of willpower
MPRegen 0.10/turn               (no ring)

@: corroded
A: low MP 1
a: Renounce Religion


You were on level 5 of the Dungeon.
You worshipped Xom.
You were a beloved toy of Xom.
You visited 1 branch of the dungeon, and saw 5 of its levels.

You collected 118 gold pieces.

Inventory:

Hand Weapons
 a - a +0 hand axe of chaos (weapon)
 h - a +3 quarterstaff of chaos
 k - a +4 short sword
 l - a +1 dagger of protection
 s - a +2 hand axe of flaming
 w - the +6 mace "Guromir" {venom, Fragile Will+ Int+3 Dex+3}
   (You found it on level 6 of the Dungeon)

   It poisons the flesh of those it strikes.
   Int:       It affects your intelligence (+3).
   Dex:       It affects your dexterity (+3).
   Fragile:   It will be destroyed if unequipped.
   Will:      It increases your willpower.
Missiles
 i - 16 stones
 u - 8 boomerangs
Armour
 b - a +2 leather armour (worn)
 m - a +1 cloak (worn)
Jewellery
 p - a ring of willpower (left hand)
Scrolls
 g - 2 scrolls of enchant armour
 t - a scroll of fog {unknown}
 v - a scroll of identify
 x - a scroll of vulnerability {unknown}
Potions
 d - a potion of might
 e - a potion of ambrosia
 f - a potion of curing
 j - a potion of magic
 n - 2 potions of brilliance {unknown}
 o - a potion of flight {unknown}
 q - a potion of berserk rage {unknown}
 r - 2 potions of haste {unknown}
Miscellaneous
 c - a piece from Xom's chessboard (15/15)


   Skills:
 + Level 12.1 Fighting
 * Level 7.3 Axes
 + Level 4.2 Armour
 + Level 2.7 Dodging


You had 7 spell levels left.
You didn't know any spells.
Your spell library contained the following spells:

 Spells                   Type           Power      Damage    Failure   Level
 Poisonous Vapours        Pois/Air       0%         N/A       52%         2
 Corpse Rot               Necr/Pois/Air  0%         N/A       98%         4
 Blade Hands              Tmut           0%         N/A       100%        5
 Irradiate                Conj/Tmut      0%         3d13      100%        5
 Dragon Form              Tmut           0%         N/A       100%        7


Dungeon Overview and Level Annotations

Branches:
Dungeon (6/15)
 Temple: D:4-7

Altars:
Vehumet
Xom


Innate Abilities, Weirdness & Mutations

Your magical capacity is low. (-10% MP)


Message History

A jelly comes into view.
The jelly hits you but does no damage.
You hit the jelly.
Your hands burn!
The jelly is moderately wounded.
The jelly hits you but does no damage.
You hit the jelly but do no damage. The acid corrodes you!
Your hands burn!
The jelly is moderately wounded.
The jelly hits you.
You are splashed with acid!
You hit the jelly but do no damage.
Your hands burn!
The jelly is moderately wounded.
The jelly closely misses you.
You hit the jelly. You burn the jelly. The acid corrodes you!
Your hands burn!
The jelly is heavily wounded.
The jelly hits you.
You are splashed with acid!
You hit the jelly but do no damage.
The jelly flickers and vanishes!
Deactivating autopickup; reactivate with Ctrl-A.
Xom is amused.
Your hands burn!
No target in view!
No target in view!
You hit something.
Your hands burn!
Something hits you. The acid corrodes you!
You are splashed with acid!
You hit something but do no damage.
Your hands burn!
Something hits you.
You are splashed with acid!
* * * LOW HITPOINT WARNING * * *
You hit something.
Your hands burn!
* * * LOW HITPOINT WARNING * * *
Something hits you.
* * * LOW HITPOINT WARNING * * *
The acid corrodes you!
You are splashed with acid.
* * * LOW HITPOINT WARNING * * *
You closely miss something. Something hits you.
* * * LOW HITPOINT WARNING * * *
You are splashed with acid!
* * * LOW HITPOINT WARNING * * *
You feel better. Something hits you.
* * * LOW HITPOINT WARNING * * *
You are splashed with acid!
You die...
Xom thinks this is hilarious!

..#### .. .....# #.# ...#.# #.#
....[# ##.## ....## #...# .#..#
#...# ##..# #...# #..#
#####...#####
##..#####.......@{..# .#
.....................####.#
.#...#.##...............#.#
.......######†..#.##.##...
.......# ##......# .##..####
.......# #.......# .......
.#...#.## ##......#####..########
........#####...#........##......
....##...##.......###.......####.


There were no monsters in sight!

Vanquished Creatures
  Prince Ribbit (D:5)
  Sigmund (D:2)
  2 black bears (D:5)
  2 centaurs (D:5)
  2 phantoms (D:5)
  An orc priest (D:3)
  3 gnolls (D:3)
  4 adders
  A white imp (D:5)
  A dart slug (D:5)
  7 orcs
  3 ball pythons
  5 bats
  5 endoplasms
  6 goblins
  4 hobgoblins
  4 jackals (D:1)
  A quokka (D:2)
  A frilled lizard (D:1)
  4 kobolds (D:1)
  7 rats
  15 plants (D:2)
80 creatures vanquished.

Notes
Turn   | Place    | Note
-------+----------+-------------------------------------------
     0 | D:1      | jfcaron the Hill Orc Chaos Knight began the quest for the
                  | Orb.
     0 | D:1      | Reached XP level 1. HP: 19/19 MP: 1/1
    12 | D:1      | XOM: silly message
    77 | D:1      | Found a faded altar of an unknown god.
   100 | D:1      | Reached skill level 1 in Dodging
   100 | D:1      | Reached XP level 2. HP: 20/27 MP: 2/2
   320 | D:1      | XOM: potion effect (experience)
   320 | D:1      | Reached skill level 11 in Fighting
   320 | D:1      | Reached XP level 3. HP: 23/47 MP: 3/3
  1032 | D:2      | XOM: divination: magic mapping
  1055 | D:2      | Found a runed translucent door.
  1056 | D:2      | Noticed Crazy Yiuf
  1060 | D:2      | Noticed Crazy Yiuf
  1060 | D:2      | Crazy Yiuf changed into Crazy Yiuf the adder
  1062 | D:2      | Killed Crazy Yiuf the adder
  1063 | D:2      | Reached XP level 4. HP: 55/55 MP: 4/4
  1777 | D:2      | XOM: silly message
  1825 | D:2      | Noticed Sigmund
  1826 | D:2      | XOM: noise
  1866 | D:2      | Killed Sigmund
  1867 | D:2      | Reached skill level 5 in Axes
  1867 | D:2      | Reached XP level 5. HP: 54/62 MP: 5/5
  1867 | D:2      | Reached XP level 6. HP: 60/69 MP: 6/6
  1966 | D:2      | Found a radiant altar of Vehumet.
  2494 | D:3      | You fall into a shaft and drop 3 floors!
  2519 | D:6      | Identified the +6 mace "Guromir" {venom, Fragile Will+
                  | Int+3 Dex+3}
  2538 | D:6      | XOM: give mutation
  2538 | D:6      | Gained mutation: Your magical capacity is low. (-10% MP)
                  | [Xom's mischief]
  2542 | D:5      | Entered Level 5 of the Dungeon
  2719 | D:5      | Noticed a black bear
  2725 | D:5      | Killed a black bear
  2760 | D:5      | Noticed Prince Ribbit
  2789 | D:5      | Killed Prince Ribbit
  2790 | D:5      | Reached XP level 7. HP: 55/75 MP: 6/6
  2898 | D:5      | XOM: summons friendly crimson imp
  2906 | D:5      | Reached skill level 12 in Fighting
  2906 | D:5      | XOM: scenery: create altars
  3099 | D:5      | XOM: enchant monster (bad)
  3105 | D:5      | Reached XP level 8. HP: 81/83 MP: 7/7
  3171 | D:5      | XOM: 2-stop teleportation journey
  3209 | D:5      | HP: 11/83 [acid (6)]
  3210 | D:5      | HP: 1/83 [acid (9)]
  3211 | D:5      | Splashed by a jelly's acid

Illustrated notes

Levels and vault maps discovered:
D:1:      lemuel_arrival_rhombus, layout_basic, ebering_ecumenical_altar_hall
D:2:      layout_basic, serial_bayou, serial_bayou_crossing,
          serial_bayou_pond_c, serial_bayou_pond_c, serial_bayou_pond_a,
          basic_altar, st_stairs_2, uniq_sigmund, uniq_crazy_yiuf_cottage
D:3:      layout_rooms, minmay_distorted
D:5:      minmay_thick_lines, layout_loops_cross, uniq_blork_the_orc,
          uniq_prince_ribbit1, uniq_eustachio, uniq_menkaure
D:6:      layout_loops_ring, palyth_stone_intersect, kennysheep_generic_room_9

Skill      XL: |  1  2  3  4  5  6  7 |
---------------+----------------------+-----
Dodging        | 1 2 |  2.7
Fighting       | 11 12 | 12.1
Axes           | 5 6 7 |  7.3
Armour         | 3 4 |  4.2

Action                   |  1- 3 |  4- 6 |  7- 9 || total
-------------------------+-------+-------+-------++-------
Melee: Hand axe          |    70 |   110 |    55 ||   235
       Punch             |     1 |     1 |     3 ||     5
Throw: Stone             |       |     1 |       ||     1
Evoke: Piece from Xom's  |     2 |     6 |       ||     8
  Use: Scroll            |     5 |     1 |       ||     6
       Potion            |       |       |     1 ||     1
 Stab: Distracted        |     1 |       |       ||     1
       Paralysed         |       |     2 |       ||     2
Armor: Leather armour    |    22 |    41 |    25 ||    88
       Skin              |       |    10 |       ||    10
Dodge: Dodged            |    30 |    60 |    54 ||   144

Table legend: (Time is in decaauts)
 A = Elapsed time spent in this place.
 B = Non-inter-level travel time spent in this place.
 C = Inter-level travel time spent in this place.
 D = Time resting spent in this place.
 E = Time spent auto-exploring this place.
 F = Levels seen in this place.
 G = Mean time per level.
                   A        B        C        D        E       F      G
               +--------+--------+--------+--------+--------+-----+--------+
         Total |   3237 |   3105 |    132 |    445 |   2124 |   5 |  647.4 |
       Dungeon |   3237 |   3105 |    132 |    445 |   2124 |   5 |  647.4 |
               +--------+--------+--------+--------+--------+-----+--------+

Top non-repeatable levels by time:
     D:2: 1212 daAuts
     D:1: 920 daAuts
     D:5: 666 daAuts
     D:3: 390 daAuts
     D:6: 47 daAuts
